 Dungeon Crawl Stone Soup version 0.31.0-11-ge490571c62 (webtiles) character file.

Game seed: 13036043818480606800

2556 HaleSumoOx the Thaumaturge (level 9, -6/45 HPs)
             Began as a Deep Elf Fire Elementalist on Feb 1, 2024.
             Mangled by a vampire (13 damage)
             ... on level 6 of the Dungeon.
             The game lasted 00:18:58 (8044 turns).

HaleSumoOx the Thaumaturge (DEFE)                   Turns: 8044, Time: 00:19:07

Health: -6/45      AC:  3    Str:  5    XL:     9   Next: 31%
Magic:  12/24      EV: 12    Int: 25    God:
Gold:   54         SH:  0    Dex: 15    Spells: 17/27 levels left

rFire   + . .        o - +1 mace (pain)
rCold   + + +        (no shield)
rNeg    . . .        a - +0 robe
rPois   +            b - +0 helmet
rElec   .            (no cloak)
rCorr   .            (no gloves)
SInv    .            (no boots)
Will    .....        (no amulet)
Stlth   ++           l - ring "Nef Qeptin" {^Contam rPois rF+ rC+++ Will-}
HPRegen 0.27/turn    (no ring)
MPRegen 0.19/turn

%: no passive effects
@: no status effects
A: no striking features
a: no special abilities


You were on level 6 of the Dungeon.
You visited 1 branch of the dungeon, and saw 6 of its levels.

You collected 748 gold pieces.
You spent 694 gold pieces at shops.

Inventory:

Hand Weapons
 c - a +0 dagger
 o - a +1 mace of pain (weapon)
Armour
 a - a +0 robe (worn)
 b - a +0 helmet (worn)
 r - +0 storm dragon scales
Jewellery
 l - the ring "Nef Qeptin" (left hand) {^Contam rPois rF+ rC+++ Will-}
   (You bought it in a shop on level 1 of the Dungeon)

   [ring of poison resistance]

   rF+:       It protects you from fire.
   rC+++:     It renders you almost immune to cold.
   rPois:     It protects you from poison Will-: It decreases your willpower.
   ^Contam:   It causes magical contamination when unequipped.
Wands
 k - a wand of polymorph (12)
 n - a wand of acid (11)
Scrolls
 h - a scroll of vulnerability
 j - a scroll of summoning
 m - 2 scrolls of silence
 p - a scroll of poison
 q - a scroll of identify
Potions
 d - a potion of attraction
 e - a potion of might
 f - a potion of lignification
 g - a potion of brilliance
 i - a potion of cancellation
 s - a potion of haste {unknown}


   Skills:
 - Level 2.5 Dodging
 - Level 2.6 Stealth
 + Level 9.9 Spellcasting
 + Level 6.9 Conjurations
 * Level 9.6 Fire Magic


You had 17 spell levels left.
You knew the following spells:

 Your Spells              Type           Power      Damage    Failure   Level
a - Foxfire               Conj/Fire      100%       2x1d9     1%          1
b - Scorch                Fire           100%       2d9       1%          2
c - Flame Wave            Conj/Fire      52%        2d13      1%          4
d - Inner Flame           Hex/Fire       36%        N/A       1%          3

Your spell library contained the following spells:

 Spells                   Type           Power      Damage    Failure   Level
 Volatile Blastmotes      Fire/Tloc      72%        2d16      1%          3
 Stone Arrow              Conj/Erth      58%        3d10      3%          3
 Sandblast                Erth           24%        2d8       4%          1
 Brom's Barrelling Bould  Conj/Erth      29%        2d5       12%         4
 Passwall                 Erth           12%        N/A       16%         3


Dungeon Overview and Level Annotations

Branches:
Dungeon (6/15)
 Temple: D:4-7

Altars:
Cheibriados
Dithmenos
Elyvilon
Fedhas
Hepliaklqana
Nemelex Xobeh
Okawaru
Qazlal
Uskayaw
Xom
Yredelemnul

Shops:
D:1 **=   D:2 ?


Message History

The vampire closely misses you. x2
You conjure some foxfire!
The foxfire hits the vampire but does no damage.
The vampire is almost destroyed.
The vampire draws life force from you!
The vampire is healed by the life force!
You conjure some foxfire!
The foxfire hits the vampire but does no damage.
The vampire is severely damaged.
The foxfire hits the vampire but does no damage.
The vampire is severely damaged.
The foxfire hits the vampire but does no damage.
The vampire is severely damaged.
The vampire draws life force from you.
The vampire is healed by the life force!
The foxfire hits the vampire.
The vampire is severely damaged.
The foxfire hits the vampire.
The vampire is almost destroyed.
The vampire gestures at you while chanting.
You struggle to resist.
You conjure some foxfire!
Your foxfire dissipates!
The foxfire hits the vampire.
The vampire is almost destroyed.
The vampire attacks as it pursues you! The vampire closely misses you. x2
You conjure some foxfire!
Your foxfire dissipates!
The foxfire hits the vampire.
The vampire is almost destroyed.
You conjure some foxfire!
The vampire hits you! The vampire bites you.
* * * LOW HITPOINT WARNING * * *
The vampire draws strength from your injuries!
Your foxfire dissipates!
The foxfire hits the vampire.
The vampire is almost destroyed.
The vampire attacks as it pursues you! The vampire hits you.
* * * LOW HITPOINT WARNING * * *
The vampire bites you!
You die...

...............# #...#
..##...........##
##....... .#
#............####...#....
.
#..............#?..##....
.........................
..........#............
[.................#
........<........#
.........@V...?.#...
##..........ยง...........
#.. ......#.............
#.. .?...##......#.....
#.. ##..# ###....#.##..
##.###....# ###..# . .
#..#......# ..... # #
##.#<..# .##.. ##
#.....##


You could see a vampire.

Vanquished Creatures
  Pikel (D:4)
  Grinder (D:3)
  2 slime creatures (D:5)
  Eustachio (D:4)
  Menkaure (D:5)
  A water moccasin (D:3)
  A sky beast (D:5)
  2 black bears (D:5)
  4 lemures (D:4)
  Blork the orc (D:4)
  2 kobold brigands (D:5)
  3 scorpions (D:5)
  4 jellies (D:5)
  A hound (D:6)
  A bombardier beetle (D:5)
  An orc priest (D:5)
  Ijyb (D:5)
  Natasha (thrice) (D:3)
  4 iguanas
  Robin (D:1)
  A shadow imp (D:5)
  4 ufetubi
  3 dart slugs
  5 orcs
  10 endoplasms
  4 giant cockroaches
  11 goblins
  11 hobgoblins
  6 jackals
  13 kobolds
  7 quokkas
  9 ball pythons
  12 bats
  3 rats
135 creatures vanquished.

Vanquished Creatures (collateral kills)
  3 foxfires (D:5)
3 creatures vanquished.

Vanquished Creatures (others)
  742 foxfires
742 creatures vanquished.

Grand Total: 880 creatures vanquished

Notes
Turn   | Place    | Note
-------+----------+-------------------------------------------
     0 | D:1      | HaleSumoOx the Deep Elf Fire Elementalist began the quest
                  | for the Orb.
     0 | D:1      | Reached XP level 1. HP: 10/10 MP: 6/6
     5 | D:1      | Found Ydetuo's Jewellery Shoppe.
   222 | D:1      | Reached XP level 2. HP: 15/15 MP: 4/8
   606 | D:1      | Found Huhor's General Store.
   652 | D:1      | Bought a scroll of identify for 24 gold pieces
   652 | D:1      | Identified a scroll of acquirement
   654 | D:1      | Acquired 517 gold pieces
   667 | D:1      | Found Ivvayj's Assorted Antiques.
  1806 | D:1      | Reached XP level 3. HP: 19/19 MP: 6/10
  2092 | D:2      | Noticed Robin
  2142 | D:1      | Killed Robin
  2254 | D:2      | Found Nal Mikh's Magic Scroll Emporium.
  2741 | D:2      | Reached XP level 4. HP: 24/24 MP: 5/12
  3344 | D:3      | Noticed Natasha
  3350 | D:3      | Killed Natasha
  3407 | D:3      | Reached skill level 5 in Spellcasting
  3447 | D:3      | You fall into a shaft and drop 1 floor!
  3456 | D:4      | Noticed Eustachio
  3478 | D:4      | Killed Eustachio
  3479 | D:4      | Reached XP level 5. HP: 28/28 MP: 4/15
  3594 | D:4      | Reached XP level 6. HP: 32/32 MP: 11/17
  3669 | D:3      | Noticed Natasha
  3674 | D:3      | Killed Natasha
  3746 | D:3      | Found a shadowy altar of Dithmenos.
  4010 | D:1      | Bought the ring "Nef Qeptin" {^Contam rPois rF+ rC+++
                  | Will-} for 592 gold pieces
  4078 | D:3      | Noticed a water moccasin
  4084 | D:3      | Killed a water moccasin
  4130 | D:3      | Noticed Natasha
  4132 | D:3      | Killed Natasha
  4133 | D:3      | Reached skill level 5 in Fire Magic
  4186 | D:3      | Learned a level 2 spell: Scorch
  4191 | D:3      | Learned a level 4 spell: Flame Wave
  4516 | D:3      | Noticed Grinder
  4517 | D:3      | Paralysed by Grinder for 4 turns
  4527 | D:3      | Killed Grinder
  4528 | D:3      | Reached XP level 7. HP: 20/36 MP: 11/19
  4944 | D:4      | Noticed Blork the orc
  4952 | D:4      | Killed Blork the orc
  5143 | D:4      | Noticed Pikel
  5168 | D:4      | Killed Pikel
  5169 | D:4      | Reached skill level 5 in Conjurations
  5169 | D:4      | Reached XP level 8. HP: 39/41 MP: 0/22
  5476 | D:5      | Entered Level 5 of the Dungeon
  5767 | D:5      | Noticed Ijyb
  5779 | D:5      | Killed Ijyb
  5902 | D:5      | Found a basalt altar of Yredelemnul.
  5902 | D:5      | Found a blossoming altar of Fedhas.
  6437 | D:5      | Found a white marble altar of Elyvilon.
  6437 | D:5      | Found a snail-covered altar of Cheibriados.
  6437 | D:5      | Found an iron altar of Okawaru.
  6437 | D:5      | Found a shadowy altar of Dithmenos.
  6437 | D:5      | Found a hide-covered altar of Uskayaw.
  6437 | D:5      | Found a shimmering altar of Xom.
  6437 | D:5      | Noticed a slime creature
  6437 | D:5      | Noticed a slime creature
  6447 | D:5      | Found a sparkling altar of Nemelex Xobeh.
  6447 | D:5      | Found a stormy altar of Qazlal.
  6551 | D:5      | Learned a level 3 spell: Inner Flame
  6635 | D:5      | Found a hazy altar of Hepliaklqana.
  6808 | D:5      | Noticed Menkaure
  6812 | D:5      | Killed Menkaure
  6813 | D:5      | Reached XP level 9. HP: 45/45 MP: 19/24
  7459 | D:2      | Bought a scroll of identify for 26 gold pieces
  7459 | D:2      | Bought a scroll of identify for 26 gold pieces
  7459 | D:2      | Bought a scroll of identify for 26 gold pieces
  8044 | D:6      | Mangled by a vampire

Illustrated notes

Levels and vault maps discovered:
D:1:      minmay_arrival_semitransparent, layout_basic, serial_shops, shop,
          nicolae_shop_tiny_glass, nicolae_shop_overgrown_old_shop
D:2:      layout_loops_cross, serial_shops, shop, feat_on_display, uniq_jessica,
          uniq_robin
D:3:      layout_basic, nicolae_dithmenos_shadow_blocks, uniq_grinder,
          uniq_natasha
D:4:      layout_basic, uniq_pikel, uniq_blork_the_orc, uniq_eustachio
D:5:      cheibrodos_fertilizer, layout_basic, nicolae_hepliaklqana_hazy_memory,
          gammafunk_temple_overflow_elements, nicolae_overflow_hidden_temple,
          uniq_ijyb, uniq_menkaure
D:6:      layout_cave_pools

Skill      XL: |  1  2  3  4  5  6  7  8 |
---------------+-------------------------+-----
Spellcasting   | 4 6 7 8 9 |  9.9
Conjurations   | 2 3 4 5 6 |  6.9
Fire Magic     | 4 5 7 9 |  9.6
Dodging        | |  2.5
Stealth        | |  2.6

Action                     |  1- 3 |  4- 6 |  7- 9 || total
---------------------------+-------+-------+-------++-------
  Melee: Mace              |       |       |     2 ||     2
   Cast: Foxfire           |   146 |   126 |   199 ||   471
         Flame Wave        |       |       |     3 ||     3
         Scorch            |       |       |    15 ||    15
         Inner Flame       |       |       |     2 ||     2
    Use: Scroll            |     6 |       |     7 ||    13
         Potion            |     1 |       |     4 ||     5
 Armour: Robe              |    16 |     2 |    31 ||    49
         Skin              |       |       |     2 ||     2
  Dodge: Dodged            |    16 |     3 |    28 ||    47
